 Dungeon Crawl Stone Soup version 0.21.1-1-g345015f (webtiles) character file.

12733 infcreate the Severer (level 11, 0/101 HPs)
             Began as a Minotaur Fighter on May 13, 2018.
             Was an Elder of the Shining One.
             Slain by a komodo dragon (3 damage)
             ... on level 4 of the Lair of Beasts.
             The game lasted 00:45:51 (9892 turns).

infcreate the Severer (Minotaur Fighter)            Turns: 9892, Time: 00:45:52

Health: 0/101      AC: 16    Str: 24    XL:     11   Next: 66%
Magic:  7/10       EV:  6    Int:  5    God:    the Shining One [****..]
Gold:   759        SH: 18    Dex: 10    Spells: 10/10 levels left

rFire    . . .     SeeInvis .   a - +1 war axe
rCold    + . .     Gourm    .   c - +0 shield
rNeg     + + .     Faith    .   p - +1 plate armour
rPois    .         Spirit   .   (helmet restricted)
rElec    .         Reflect  .   (no cloak)
rCorr    .         Harm     .   (no gloves)
MR       +....                  t - +0 pair of boots {run}
Stlth    ..........             (no amulet)
HPRegen  0.26/turn              y - ring of protection from cold
MPRegen  0.12/turn              A - ring of protection from magic

@: lethally poisoned (0 -> 0), divine shield, glowing, quick
A: retaliatory headbutt, horns 2
a: Divine Shield, Cleansing Flame, Renounce Religion


You were on level 4 of the Lair of Beasts.
You worshipped the Shining One.
The Shining One was greatly pleased with you.
You were not hungry.

You visited 3 branches of the dungeon, and saw 13 of its levels.
You also visited: Ossuary.

You collected 759 gold pieces.

Inventory:

Hand Weapons
 a - a +1 war axe (weapon)
Armour
 c - a +0 shield (worn)
 p - a +1 plate armour (worn)
 t - a +0 pair of boots of running (worn)
Jewellery
 y - a ring of protection from cold (left hand)
 A - a ring of protection from magic (right hand)
Wands
 q - a wand of polymorph (16)
Scrolls
 h - 11 scrolls of remove curse
 i - 7 scrolls of identify
 j - 3 scrolls of enchant weapon
 l - 13 scrolls of teleportation
 m - a scroll of noise
 n - 3 scrolls of blinking
 o - 4 scrolls of amnesia
 w - 4 scrolls of immolation {unknown}
 z - a scroll of random uselessness
 C - a scroll of acquirement
 D - 4 scrolls of fog
 E - 2 scrolls of enchant armour
 G - a scroll of summoning {unknown}
 H - 3 scrolls of fear {unknown}
Potions
 b - a potion of agility
 d - 2 potions of might
 e - 4 potions of curing
 g - 2 potions of brilliance
 k - 2 potions of flight
 r - 3 potions of heal wounds {unknown}
 s - a potion of degeneration
 u - 3 potions of cancellation {unknown}
 v - a potion of lignification
 x - 3 potions of haste {unknown}
 B - a potion of magic {unknown}
 F - a potion of resistance {unknown}
Comestibles
 f - 11 rations


   Skills:
 + Level 10.5 Fighting
 + Level 15.0 Axes
 + Level 10.0 Armour
 + Level 9.5 Shields
 + Level 0.3 Invocations


You had 10 spell levels left.
You didn't know any spells.

Dungeon Overview and Level Annotations

Branches:
Dungeon (8/15)             Temple (1/1) D:5            Lair (4/6) D:8
  Swamp (0/4) Lair:2       Spider (0/4) Lair:2

Altars:
Ashenzari
Cheibriados
Dithmenos
Elyvilon
Fedhas
Gozag
Hepliaklqana
Kikubaaqudgha
Makhleb
Nemelex Xobeh
Okawaru
Qazlal
Ru
Sif Muna
Trog
Vehumet
Wu Jian
Xom
Yredelemnul
Zin
The Shining One

Shops:
D:7 [


Innate Abilities, Weirdness & Mutations

You reflexively headbutt those who attack you in melee.
You have a pair of horns on your head.


Message History

The komodo dragon is moderately wounded.
The komodo dragon bites you!!
* * * LOW HITPOINT WARNING * * *
Your shield is strengthened by the Shining One's divine power.
You feel slightly more hungry. You block the komodo dragon's attack.
Your shield and plate armour prevent you from hitting the komodo dragon.
You headbutt the komodo dragon.
The komodo dragon is moderately wounded.
You block the komodo dragon's attack.
You slash the komodo dragon! Your headbutt misses the komodo dragon.
The komodo dragon is heavily wounded.
You feel sick.
You hit the komodo dragon but do no damage.
The komodo dragon is heavily wounded.
The komodo dragon bites you!!
* * * LOW HITPOINT WARNING * * *
You barely miss the komodo dragon.
The komodo dragon is heavily wounded.
The komodo dragon bites you.
You die...

#.......##
###......####
###.....#.#
##....)##
#......#####
###.......P#
#.......P###
#.#.......P#
###.....@.##
###....l.#
#........#
#.#........#
###.<...[..)
##..$.....
###......
#.....


You could see a komodo dragon.

Vanquished Creatures
  3 black mambas
  6 spiny frogs
  5 komodo dragons
  Grinder (D:6)
  Prince Ribbit (D:7)
  2 blink frogs (Lair:3)
  4 hippogriffs
  Sigmund (D:3)
  15 yaks
  2 basilisks (Lair:3)
  A hungry ghost (D:8)
  Menkaure (D:7)
  Edmund (D:5)
  9 water moccasins
  Duvessa (D:4)
  3 porcupines
  An orc warrior (D:7)
  3 black bears
  An ice beast (D:8)
  A phantom (D:7)
  2 ogres (D:5)
  3 wolves (Lair:4)
  3 centaurs
  4 crocodiles
  7 bullfrogs
  A wyvern zombie (D:8)
  Dowan (D:4)
  A wyvern skeleton (D:6)
  A scorpion (D:4)
  2 crimson imps
  A bullfrog zombie (D:6)
  A quasit (D:7)
  A hound (D:4)
  2 jellies
  3 orc priests
  2 centaur skeletons
  5 iguanas
  4 worker ants
  7 orc wizards
  A hound zombie (D:6)
  3 mummies (Ossuary)
  5 adders
  A shadow imp (D:8)
  3 oozes
  3 adder zombies (Ossuary)
  2 worms
  3 dart slugs
  3 leopard geckos
  27 orcs
  3 giant cockroaches (D:1)
  A gnoll zombie (Ossuary)
  11 goblins
  10 hobgoblins
  20 jackals
  3 quokkas
  3 ball pythons
  4 bats
  4 frilled lizards (D:1)
  3 hobgoblin zombies (Ossuary)
  A jackal skeleton (D:2)
  5 kobolds
  3 kobold zombies (Ossuary)
  2 leopard gecko skeletons
  2 orc zombies (Ossuary)
  2 quokka zombies (Ossuary)
  8 rats
  4 rat zombies (Ossuary)
  A fungus (Lair:4)
  A plant (D:8)
255 creatures vanquished.

Vanquished Creatures (others)
  A centaur (D:6)
  An adder (D:6)
2 creatures vanquished.

Grand Total: 257 creatures vanquished

Notes
Turn   | Place    | Note
-------+----------+-------------------------------------------
     0 | D:1      | infcreate the Minotaur Fighter began the quest for the Orb.
     0 | D:1      | Reached XP level 1. HP: 19/19 MP: 0/0
   179 | D:1      | Reached XP level 2. HP: 27/27 MP: 1/1
   743 | D:1      | Reached XP level 3. HP: 29/33 MP: 2/2
   820 | D:1      | Reached skill level 3 in Axes
  1233 | D:2      | Reached XP level 4. HP: 41/41 MP: 3/3
  1402 | D:2      | Reached skill level 4 in Axes
  1519 | D:3      | Found an iron altar of Okawaru.
  1878 | D:3      | Reached XP level 5. HP: 47/47 MP: 4/4
  1901 | D:3      | Found a faded altar of an unknown god.
  2128 | D:3      | Found a snail-covered altar of Cheibriados.
  2128 | D:3      | Found a glowing golden altar of the Shining One.
  2128 | D:3      | Found a shadowy altar of Dithmenos.
  2163 | D:3      | Found a deep blue altar of Sif Muna.
  2204 | D:3      | Became a worshipper of the Shining One
  2269 | D:3      | Noticed Sigmund
  2288 | D:3      | Killed Sigmund
  2288 | D:3      | Reached skill level 5 in Axes
  2288 | D:3      | Reached XP level 6. HP: 12/55 MP: 5/5
  2718 | D:4      | Reached skill level 5 in Armour
  2722 | D:4      | Found a burning altar of Makhleb.
  2728 | D:4      | Reached skill level 6 in Axes
  2829 | D:4      | Got a scintillating silver ring
  2830 | D:4      | Identified the ring "Nioc" {Fire *Slow Dex+4} (You found it on level 4 of the Dungeon)
  2866 | D:4      | Reached skill level 5 in Fighting
  3053 | D:4      | Noticed Dowan
  3054 | D:4      | Noticed Duvessa
  3062 | D:4      | Killed Duvessa
  3062 | D:4      | Reached skill level 5 in Shields
  3062 | D:4      | Reached XP level 7. HP: 51/61 MP: 6/6
  3064 | D:4      | Killed Dowan
  3130 | D:4      | Reached skill level 7 in Axes
  3240 | D:4      | Found a stormy altar of Qazlal.
  3396 | D:4      | Identified a +0 pair of boots of running (You found it on level 4 of the Dungeon)
  3481 | D:5      | Entered Level 5 of the Dungeon
  3481 | D:5      | Found a staircase to the Ecumenical Temple.
  3496 | D:5      | Found a sand-covered staircase.
  3505 | Ossuary  | Entered an ossuary
  3511 | Ossuary  | Reached * piety under the Shining One
  3642 | Ossuary  | Reached ** piety under the Shining One
  3786 | D:5      | Reached skill level 8 in Axes
  3800 | D:5      | Found a basalt altar of Yredelemnul.
  3893 | D:5      | Reached XP level 8. HP: 54/70 MP: 7/7
  4240 | D:5      | Noticed Edmund
  4256 | D:5      | Killed Edmund
  4256 | D:5      | Reached skill level 9 in Axes
  4426 | Temple   | Entered the Ecumenical Temple
  4519 | D:6      | Found a sacrificial altar of Ru.
  4584 | D:6      | Noticed Grinder
  4584 | D:6      | Reached *** piety under the Shining One
  4588 | D:6      | Paralysed by Grinder for 3 turns
  4596 | D:6      | Killed Grinder
  4605 | D:6      | Reached skill level 10 in Axes
  4805 | D:6      | Reached XP level 9. HP: 75/78 MP: 8/8
  4993 | D:7      | Found Liacevua's Antique Armour Boutique.
  5001 | D:7      | Noticed Menkaure
  5225 | D:7      | Noticed Prince Ribbit
  5226 | D:7      | Killed Menkaure
  5226 | D:7      | Reached skill level 11 in Axes
  5782 | D:7      | Killed Prince Ribbit
  5871 | D:7      | Found a radiant altar of Vehumet.
  6379 | D:8      | Found a shimmering altar of Xom.
  6531 | D:8      | Found a staircase to the Lair.
  6532 | D:8      | Noticed a komodo dragon
  6550 | D:8      | Killed a komodo dragon
  6550 | D:8      | Reached skill level 12 in Axes
  6691 | D:8      | Found a glowing golden altar of the Shining One.
  6885 | D:8      | Found a sparkling altar of Nemelex Xobeh.
  6935 | Lair:1   | Entered Level 1 of the Lair of Beasts
  6935 | Lair:1   | Noticed a komodo dragon
  6935 | Lair:1   | Noticed a komodo dragon
  6935 | Lair:1   | Noticed a spiny frog
  6935 | Lair:1   | Noticed a black mamba
  6939 | Lair:1   | Reached **** piety under the Shining One
  6941 | Lair:1   | Killed a komodo dragon
  6941 | Lair:1   | Reached XP level 10. HP: 83/88 MP: 9/9
  6943 | Lair:1   | Killed a spiny frog
  6945 | Lair:1   | Killed a black mamba
  7191 | Lair:1   | Reached skill level 13 in Axes
  7576 | Lair:1   | Noticed a spiny frog
  7583 | Lair:1   | Killed a spiny frog
  7706 | Lair:1   | Noticed a black mamba
  7711 | Lair:1   | Killed a black mamba
  7950 | Lair:2   | Found a hole to the Spider Nest.
  7967 | Lair:2   | Noticed a spiny frog
  7971 | Lair:2   | Killed a spiny frog
  7971 | Lair:2   | Reached skill level 14 in Axes
  7971 | Lair:2   | Reached XP level 11. HP: 97/97 MP: 10/10
  8207 | Lair:2   | Found a staircase to the Swamp.
  8510 | Lair:2   | Identified a scroll of acquirement
  8654 | Lair:3   | Reached skill level 10 in Fighting
  9667 | Lair:3   | Found a shadowy altar of Dithmenos.
  9790 | Lair:4   | Reached skill level 15 in Axes
  9858 | Lair:4   | Reached skill level 10 in Armour
  9891 | Lair:4   | HP: 3/101 [komodo dragon (21)]
  9892 | Lair:4   | Slain by a komodo dragon

Skill      XL: |  1  2  3  4  5  6  7  8  9 10 11 |
---------------+----------------------------------+-----
Shields        | 4 5 6 7 8 9 |  9.5
Fighting       | 4 5 6 8 9 10 | 10.5
Armour         | 4 5 6 7 9 10 | 10.0
Axes           | 3 4 5 6 8 10 12 14 15 | 15.0
Invocations    | |  0.3

Action                   |  1- 3 |  4- 6 |  7- 9 | 10-12 || total
-------------------------+-------+-------+-------+-------++-------
Melee: War axe           |    97 |   110 |   306 |   217 ||   730
       Headbutt          |    19 |    17 |    41 |    41 ||   118
Invok: Divine Shield     |       |       |     1 |     1 ||     2
  Use: Scroll            |       |     1 |    13 |     3 ||    17
       Potion            |       |       |     1 |     1 ||     2
  Eat: Chunk             |     1 |     3 |     9 |     1 ||    14
       Ration            |       |     1 |     2 |     2 ||     5
Armor: Scale mail        |    41 |    31 |       |       ||    72
       Plate armour      |       |    23 |   150 |    92 ||   265
Dodge: Dodged            |    32 |    23 |    54 |    48 ||   157
Block: Shield            |    37 |    44 |   133 |   116 ||   330
